 Dungeon Crawl Stone Soup version 0.30.0-29-ga12c61a403 (webtiles) character file.

Game seed: 13517399110743435522

84 qw the Chopper (level 4, -2/28 HPs)
             Began as a Gargoyle Fighter on June 3, 2023.
             Slain by Sigmund
             ... wielding a +0 scythe
              (7 damage)
             ... on level 2 of the Dungeon.
             The game lasted 00:00:44 (1236 turns).

qw the Chopper (Gargoyle Fighter)                   Turns: 1236, Time: 00:00:44

Health: -2/28      AC: 10    Str: 21    XL:     4   Next: 46%
Magic:  4/4        EV:  9    Int:  9    God:
Gold:   85         SH:  4    Dex:  9    Spells: 3/3 levels left

rFire   . . .        Y - +0 war axe
rCold   . . .        c - +0 buckler
rNeg    + . .        b - +0 scale mail
rPois   inf          (no helmet)
rElec   +            (no cloak)
rCorr   .            (no gloves)
SInv    .            (no boots)
Will    .....        (no amulet) Stlth
                     (no ring)
HPRegen 0.24/turn    (no ring)
MPRegen 0.09/turn

%: no passive effects
@: no status effects
A: sickness immunity, AC +3, negative energy resistance 1, electricity
resistance, torment resistance 1, petrification resistance
a: no special abilities


You were on level 2 of the Dungeon.
You visited 1 branch of the dungeon, and saw 2 of its levels.

You collected 85 gold pieces.


Innate Abilities, Weirdness & Mutations

You are immune to sickness and miasma.
Your stone body is resilient. (AC +3)
You are immune to poison.
You resist negative energy. (rN+)
You are resistant to electric shocks. (rElec)
You are resistant to unholy torment.
You are immune to petrification.


   Skills:
 - Level 3.2 Fighting
 + Level 4.1 Axes
 - Level 3.2 Armour
 - Level 3.2 Shields


You had 3 spell levels left.
You didn't know any spells.
Your spell library was empty.

Inventory:

Hand Weapons
 a - a +0 whip of freezing
 Y - a +0 war axe (weapon)
Armour
 b - a +0 scale mail (worn)
 c - a +0 buckler (worn)
Jewellery
 l - a +5 ring of evasion
 n - a ring of protection from fire
Wands
 g - a wand of digging (2)
Scrolls
 m - a scroll of butterflies {unknown}
Potions
 d - a potion of might
 e - a potion of flight {unknown}
 f - a potion of brilliance {unknown}
 h - 2 potions of ambrosia {unknown}
 j - a potion of lignification {unknown}
 k - 2 potions of curing {unknown}

Dungeon Overview and Level Annotations

Branches:
Dungeon (2/15)

Altars:

Annotations:
D:2 Sigmund


Message History

Something hits you! The adder barely misses you. The adder closely misses you.
Something completely misses you. The adder bites you but does no damage.
The adder bites you but does no damage. Something hits you but does no damage.
The adder bites you but does no damage. The goblin hits you but does no damage.
The adder closely misses you. The goblin barely misses you. Something hits you!
You feel less confused. The adder closely misses you.
The goblin hits you but does no damage.
You closely miss the adder. You hit the goblin.
You kill the goblin!
You closely miss something. The adder bites you.
Something hits you but does no damage. You block the adder's attack.
You barely miss the adder. You hit something.
The adder bites you but does no damage. Something hits you!
The adder closely misses you.
1229 ||| DRINKING potion of heal wounds.
You feel much better. You block the adder's attack.
You block something's attack.
You hit the adder.
The adder is lightly wounded.
You closely miss something.
The adder closely misses you. x2; Something hits you.
You hit the adder.
The adder is heavily wounded.
You miss something. The adder barely misses you.
You slash the adder!
You kill the adder!
You barely miss something. Something hits you.
You closely miss something. Something hits you.
You barely miss something. Something hits you!
You closely miss something. Something hits you but does no damage.
You slash something! Something hits you!
You die...

..# #.# ..... #.#
...... ... $... #.#
#...## #.#
#######.#..# #%#
........##.#####@#
#.......#...!.){##
#..##...)......?g...
#...........#..####
#.####......##.#
#####)..........# .#
#..)..####......# .#
#.###<# ###...... .
#.##..# ######..


There were no monsters in sight!

Vanquished Creatures
  Jessica (D:2)
  An adder (D:2)
  3 dart slugs
  4 bats
  3 endoplasms
  8 goblins
  5 hobgoblins
  7 kobolds
  A quokka (D:2)
  2 ball pythons (D:1)
  2 frilled lizards
  4 rats
41 creatures vanquished.

Notes
Turn   | Place    | Note
-------+----------+-------------------------------------------
     0 | D:1      | qw the Gargoyle Fighter began the quest for the Orb.
     0 | D:1      | Reached XP level 1. HP: 14/14 MP: 1/1
     0 | D:1      | 0 ||| qw: Version: 0.2-a-103-g5a998e5
     0 | D:1      | 0 ||| qw: Game counter: 1001
     0 | D:1      | 0 ||| qw: Always use a shield: true
     0 | D:1      | 0 ||| qw: God list: Okawaru
     0 | D:1      | 0 ||| qw: Allow faded altars: false
     0 | D:1      | 0 ||| qw: Do Orc after D:15 true
     0 | D:1      | 0 ||| qw: Do second Lair branch before Depths: true
     0 | D:1      | 0 ||| qw: Lair rune preference: random
     0 | D:1      | 0 ||| qw: Plans: Normal, Zot:1-4, Slime:5, God:TSO, Crypt,
                  | Tomb, Pan, Hells, Abyss, Win
     0 | D:1      | 0 ||| PLANNING D:1-11
   157 | D:1      | Reached skill level 2 in Axes
   224 | D:1      | 224 ||| DROPPING +0 club.
   239 | D:1      | 239 ||| Stepping ~*~*~tactically~*~*~ (stealth).
   240 | D:1      | 240 ||| Stepping ~*~*~tactically~*~*~ (stealth).
   241 | D:1      | 241 ||| Stepping ~*~*~tactically~*~*~ (stealth).
   242 | D:1      | 242 ||| Stepping ~*~*~tactically~*~*~ (stealth).
   246 | D:1      | Reached XP level 2. HP: 19/19 MP: 2/2
   265 | D:1      | 265 ||| Stepping ~*~*~tactically~*~*~ (hiding).
   266 | D:1      | 266 ||| Stepping ~*~*~tactically~*~*~ (hiding).
   520 | D:1      | 520 ||| Stepping ~*~*~tactically~*~*~ (hiding).
   598 | D:1      | Reached skill level 3 in Axes
   677 | D:1      | Reached XP level 3. HP: 23/23 MP: 3/3
  1006 | D:1      | 1006 ||| DROPPING ring of flight.
  1007 | D:1      | 1007 ||| READING scroll labelled HUSEOT GEFYCSO.
  1008 | D:1      | 1008 ||| DRINKING 2 purple potions.
  1087 | D:2      | 1087 ||| DROPPING +0 whip.
  1165 | D:2      | 1165 ||| Stepping ~*~*~tactically~*~*~ (stealth).
  1186 | D:2      | Noticed Jessica
  1196 | D:2      | Killed Jessica
  1197 | D:2      | Reached skill level 4 in Axes
  1197 | D:2      | Reached XP level 4. HP: 27/28 MP: 4/4
  1215 | D:2      | Noticed Sigmund
  1228 | D:2      | HP: 5/28 [something (8)]
  1229 | D:2      | 1229 ||| DRINKING potion of heal wounds.
  1234 | D:2      | HP: 5/28 [something (7)]
  1236 | D:2      | Slain by Sigmund

Levels and vault maps discovered:
D:1:      tarquinn_simple_flora_water_c, layout_basic, minmay_misc_feat_tower
D:2:      layout_rooms, serial_shops, shop, grunt_decor_junction, uniq_jessica,
          uniq_sigmund

Skill      XL: |  1  2  3 |
---------------+----------+-----
Axes           | 2 3 4 |  4.1
Fighting       | |  3.2
Armour         | |  3.2
Shields        | |  3.2

Action                     |  1- 3 |  4- 6 || total
---------------------------+-------+-------++-------
  Melee: War axe           |   105 |    10 ||   115
    Use: Potion            |     1 |     1 ||     2
         Scroll            |     1 |       ||     1
   Stab: Distracted        |     1 |       ||     1
 Armour: Scale mail        |    48 |     9 ||    57
  Dodge: Dodged            |    42 |    10 ||    52
  Block: Buckler           |    16 |     4 ||    20

Table legend:
 A = Non-vault XP
 B = Vault XP
 C = Vault XP percentage of total XP
 D = Non-vault monster count
 E = Vault monster count
 F = Vault count percentage of total count
                 A         B        C        D         E       F
            +---------+---------+-------+---------+---------+-------
      Total |      84 |      37 |  30.6 |      40 |       1 |   2.4
            +---------+---------+-------+---------+---------+-------
        D:1 |      42 |       0 |   0.0 |      25 |       0 |   0.0
        D:2 |      42 |      37 |  46.8 |      15 |       1 |   6.2
            +---------+---------+-------+---------+---------+-------
